 Dungeon Crawl Stone Soup version 0.29.1-12-g30fa7ad0bf (webtiles) character file.

Game seed: 16125802052837079785

44 bubby the Grave Robber (level 3, -2/24 HPs)
             Began as a Mummy Necromancer on Jan 17, 2023.
             Slain by a worm (10 damage)
             ... on level 2 of the Dungeon on Jan 18, 2023.
             The game lasted 00:03:49 (1246 turns).

bubby the Grave Robber (Mummy Necromancer)          Turns: 1246, Time: 00:03:51

Health: -2/24      AC:  2    Str: 11    XL:     3   Next: 39%
Magic:  4/7        EV: 12    Int: 16    God:
Gold:   112        SH:  0    Dex: 12    Spells: 4/8 levels left

rFire   x . .      SeeInvis .   d - +3 sling
rCold   + . .      Faith    .   (no shield)
rNeg    + + +      Spirit   .   a - +0 robe
rPois   ∞          Reflect  .   (no helmet)
rElec   .          Harm     .   (no cloak)
rCorr   .          Rampage  .   (no gloves)
Will    .....                   (no boots)
Stlth   ++........              (no amulet)
HPRegen 0.08/turn               (no ring)
MPRegen 0.10/turn               (no ring)

@: no status effects
A: cold resistance 1, negative energy resistance 3, torment resistance 2, heat
vulnerability 1, in touch with death 1, no potions
a: no special abilities


You were on level 2 of the Dungeon.
You visited 1 branch of the dungeon, and saw 2 of its levels.

You collected 112 gold pieces.

Inventory:

Hand Weapons
 b - a +0 dagger
 d - a +3 sling (weapon)
 g - the +8 falchion of Pemetzu {freeze, *Rage rPois Will+++ Int-4}
   (You took it off a hobgoblin on level 2 of the Dungeon)

   It freezes those it strikes, dealing additional cold damage.
   It can also slow down cold-blooded creatures.
   Int:       It affects your intelligence (-4).
   rPois:     It protects you from poison.
   *Rage:     It berserks you when you make melee attacks (+20% chance).
   Will:      It greatly increases your willpower.
Armour
 a - a +0 robe (worn)
Scrolls
 c - a scroll of magic mapping {unknown}
 e - 4 scrolls of identify {unknown}
 f - 2 scrolls of vulnerability {unknown}
 h - 2 scrolls of immolation {unknown}


   Skills:
 + Level 2.1 Dodging
 + Level 2.2 Stealth
 + Level 3.3 Spellcasting
 + Level 4.3 Necromancy


You had 4 spell levels left.
You knew the following spells:

 Your Spells              Type           Power      Damage    Failure   Level
a - Necrotise             Necr           96%        1d8       3%          1
b - Vampiric Draining     Necr           24%        2d7       10%         3

Your spell library contained the following spells:

 Spells                   Type           Power      Damage    Failure   Level
 Summon Small Mammal      Summ           8%         N/A       19%         1
 Animate Dead             Necr           24%        N/A       30%         4
 Call Canine Familiar     Summ           2%         N/A       50%         3
 Summon Guardian Golem    Hex/Summ       2%         N/A       50%         3
 Agony                    Necr           24%        N/A       65%         5


Dungeon Overview and Level Annotations

Branches:
Dungeon (2/15)

Altars:
Nemelex Xobeh


Innate Abilities, Weirdness & Mutations

You are immune to poison.
Your flesh is cold resistant. (rC+)
You are immune to negative energy. (rN+++)
You are immune to unholy pain and torment.
You are vulnerable to heat. (rF-)
You are in touch with the powers of death.
You do not drink.


Message History

The sling bullet barely misses the worm.
The adder misses you. The adder barely misses you.
You shoot a sling bullet. The sling bullet hits the adder.
The adder is severely wounded.
The adder bites you but does no damage. The adder closely misses you.
You shoot a sling bullet.
The sling bullet closely misses the adder.
The adder misses you. The worm bites you! The adder barely misses you.
You shoot a sling bullet.
The sling bullet barely misses the adder.
The adder barely misses you. The worm closely misses you.
You shoot a sling bullet.
The sling bullet barely misses the adder.
The adder bites you. The adder barely misses you.
You shoot a sling bullet. The sling bullet misses the adder.
The adder bites you. The worm completely misses you. The adder bites you.
You are too injured to fight recklessly!
Casting: Necrotise (safe; 3% risk of failure)
Confirm with . or Enter, or press ? or * to list all spells.
Aiming: Necrotise (safe; 3% risk of failure)
Press: ? - help, Shift-Dir - straight line, f/p - adder
Aim: an adder (heavily wounded, chance to affect: 88%)
You feel a surge of power!
The adder barely resists.
The adder misses you. The worm barely misses you.
Casting: Necrotise (safe; 3% risk of failure)
Confirm with . or Enter, or press ? or * to list all spells.
Aiming: Necrotise (safe; 3% risk of failure)
Press: ? - help, Shift-Dir - straight line, f/p - adder
Aim: an adder (heavily wounded, chance to affect: 88%)
You feel a surge of power!
The adder writhes in agony.
The adder bites you but does no damage. The adder bites you.
Casting: Necrotise (safe; 3% risk of failure)
Confirm with . or Enter, or press ? or * to list all spells.
Aiming: Necrotise (safe; 3% risk of failure)
Press: ? - help, Shift-Dir - straight line, f/p - adder
Aim: an adder (almost dead, chance to affect: 88%)
You feel a surge of power!
The adder writhes in agony.
You kill the adder!
The dead are slithering!
The worm bites you!
You die...

###...........#
#.............#
#.###........##
##....<...##
##..........###
#..............
##..........###
#........Z.#
#.....@....#
##....w...##
##........#
#######..# ....
#... ... ..


You could see a worm (ally target) and a friendly adder skeleton.

Vanquished Creatures
  An adder (D:2)
  A worm (D:2)
  2 dart slugs (D:1)
  5 endoplasms (D:1)
  3 giant cockroaches
  4 goblins (D:1)
  A hobgoblin (D:2)
  4 jackals (D:1)
  3 ball pythons (D:1)
  3 bats
  A frilled lizard (D:1)
  3 kobolds (D:1)
  3 rats
34 creatures vanquished.

Notes
Turn   | Place    | Note
-------+----------+-------------------------------------------
     0 | D:1      | bubby the Mummy Necromancer began the quest for the Orb.
     0 | D:1      | Reached XP level 1. HP: 13/13 MP: 4/4
   215 | D:1      | Found a faded altar of an unknown god.
   219 | D:1      | Reached XP level 2. HP: 15/19 MP: 1/5
   596 | D:1      | Gained mutation: You are in touch with the powers of death.
                  | [Mummy growth]
   596 | D:1      | Reached XP level 3. HP: 22/24 MP: 7/7
  1140 | D:2      | Found a sparkling altar of Nemelex Xobeh.
  1199 | D:2      | Identified the +8 falchion of Pemetzu {freeze, *Rage rPois
                  | Will+++ Int-4}
  1225 | D:2      | Learned a level 3 spell: Vampiric Draining
  1246 | D:2      | Slain by a worm

Illustrated notes

Levels and vault maps discovered:
D:1:      dpeg_arrival_central, layout_basic, basic_ecumenical_altar
D:2:      layout_rooms, basic_altar

Skill      XL: |  1  2 |
---------------+-------+-----
Spellcasting   | 3 |  3.3
Stealth        | 2 |  2.2
Dodging        | 2 |  2.1
Necromancy     | |  4.3

Action                   || total
-------------------------++-------
Melee: Unarmed           ||     3
       Punch             ||     1
 Fire: Sling             ||    54
 Cast: Necrotise         ||    31
Armor: Robe              ||     9
Dodge: Dodged            ||    29
